 Dungeon Crawl Stone Soup version 0.27.1-33-g824d729ab1 (webtiles) character file.

Game seed: 2133612920379727600

464 ces the Covert (level 6, -1/32 HPs)
             Began as a Spriggan Brigand on Nov 30, 2021.
             Slain by a gnoll (8 damage)
             ... on level 4 of the Dungeon.
             The game lasted 00:11:35 (4930 turns).

ces the Covert (Spriggan Brigand)                   Turns: 4930, Time: 00:11:35

Health: -1/32      AC:  3    Str:  9    XL:     6   Next: 80%
Magic:  7/7        EV: 19    Int: 19    God:
Gold:   184        SH:  5    Dex: 19    Spells: 5/5 levels left

rFire    . . .     SeeInvis +   a - +5 dagger (vorpal)
rCold    + . .     Faith    .   (shield restricted)
rNeg     + . .     Spirit   .   b - +0 robe
rPois    .         Reflect  +   (helmet restricted)
rElec    .         Harm     .   c - +0 cloak
rCorr    .         Rampage  .   (gloves unavailable)
Will     +....                  (boots unavailable)
Stlth    ++++......             i - amulet of reflection
HPRegen  0.10/turn              o - ring of protection from fire
MPRegen  0.10/turn              h - ring of Daofaw {Ice Drain rN+ Str+2 Int+7}

@: studying Short Blades, very quick
A: very small, no large weapons, unfitting armour, see invisible, speed 3
a: no special abilities


You were on level 4 of the Dungeon.
You visited 1 branch of the dungeon, and saw 5 of its levels.

You collected 184 gold pieces.

Inventory:

Hand Weapons
 a - a +5 vorpal dagger (weapon)
Missiles
 f - a poisoned dart (quivered)
Armour
 b - a +0 robe (worn)
 c - a +0 cloak (worn)
Jewellery
 h - the ring of Daofaw (right hand) {Ice Drain rN+ Str+2 Int+7}
   (You acquired it on level 5 of the Dungeon)

   [ring of ice]

   It enhances your ice magic.
   Str:       It affects your strength (+2).
   Int:       It affects your intelligence (+7).
   rF:        It makes you vulnerable to fire.
   rC:        It protects you from cold.
   rN:        It protects you from negative energy.
   Drain:     It drains your maximum health when unequipped.
 i - an amulet of reflection (around neck)
 o - a ring of protection from fire (left hand)
Wands
 d - a wand of digging (5)
Scrolls
 k - a scroll of noise {unknown}
Potions
 e - a potion of might
 g - a potion of heal wounds
 j - a potion of mutation {unknown}
 l - a potion of attraction {unknown}
 m - 2 potions of berserk rage {unknown}
 p - a potion of magic {unknown}
 u - a potion of flight {unknown}


   Skills:
 + Level 2.9 Fighting
 * Level 4.2 Short Blades
 - Level 2.0 Throwing
 + Level 4.2 Dodging
 * Level 9.1 Stealth


You had 5 spell levels left.
You didn't know any spells.
Your spell library contained the following spells:

 Spells                   Type           Power      Damage    Failure   Level
 Frozen Ramparts          Ice            0%         1d2       52%         3
 Ice Form                 Ice/Tmut       0%         N/A       90%         4
 Summon Ice Beast         Ice/Summ       0%         N/A       90%         4


Dungeon Overview and Level Annotations

Branches:
Dungeon (5/15)
 Temple: D:4-7

Altars:
Ashenzari
Elyvilon
Kikubaaqudgha
Makhleb

Annotations:
D:2 Terence
D:4 2 runed translucent doors


Innate Abilities, Weirdness & Mutations

You are very small and have problems with some larger weapons.
You are too small for most types of armour.
You have supernaturally acute eyesight. (SInv)
You cover ground extremely quickly. (Speed+++)


Message History

Press: ? - help, Q - select action Shift-Dir - straight line, f - wyvern zombie
Aim: a wyvern zombie (severely damaged, 80% to hit)
You throw a poisoned dart.
The poisoned dart hits the wyvern zombie.
The wyvern zombie is severely damaged.
Throw: 5 darts (poison)
Press: ? - help, Q - select action Shift-Dir - straight line, f/p - wyvern zombie
Aim: a wyvern zombie (severely damaged, 80% to hit)
You throw a poisoned dart.
The poisoned dart hits the wyvern zombie.
The wyvern zombie is severely damaged.
The wyvern zombie bites you!
* * * LOW HITPOINT WARNING * * *
Okay, then.
Okay, then.
Throw: 4 darts (poison)
Press: ? - help, Q - select action Shift-Dir - straight line, f/p - wyvern zombie
Aim: a wyvern zombie (severely damaged, 80% to hit)
You throw a poisoned dart.
The poisoned dart hits the wyvern zombie.
The wyvern zombie is severely damaged.
Throw: 3 darts (poison)
Press: ? - help, Q - select action Shift-Dir - straight line, f/p - wyvern zombie
Aim: a wyvern zombie (severely damaged, 80% to hit)
You throw a poisoned dart.
The poisoned dart hits the wyvern zombie.
The wyvern zombie is severely damaged.
There is a stone staircase leading up here.
Throw: 2 darts (poison)
Press: ? - help, Q - select action Shift-Dir - straight line, f/p - wyvern zombie
Aim: a wyvern zombie (severely damaged, 80% to hit)
You throw a poisoned dart.
The poisoned dart hits the wyvern zombie.
The wyvern zombie is severely damaged.
You climb upwards.
Level annotation: 2 runed translucent doors You block the gnoll's attack.
There is a stone staircase leading down here.
The gnoll hits you with a +0 flail!
You die...

##########
#........#
#........#
#.....>g.#
#.....@..#
################...#
..#...........##...#
..#.......#....#...#
..#.......#....#...#
..#.......#....#...#
..#.......'....#...#
..#.......#...##...#
###########...##...#


You could see a gnoll.

Vanquished Creatures
  A sky beast (D:3)
  A necrophage (D:4)
  A hound (D:4)
  A centaur skeleton (D:5)
  A bullfrog skeleton (D:4)
  3 iguanas
  2 gnolls
  2 adders
  An adder skeleton (D:3)
  3 dart slugs
  7 orcs
  2 bats
  4 endoplasms
  8 giant cockroaches
  3 goblins
  7 hobgoblins
  9 kobolds
  A quokka (D:4)
  8 ball pythons
  3 frilled lizards
  10 rats
78 creatures vanquished.

Vanquished Creatures (others)
  2 fungi (D:3)
2 creatures vanquished.

Grand Total: 80 creatures vanquished

Notes
Turn   | Place    | Note
-------+----------+-------------------------------------------
     0 | D:1      | ces the Spriggan Brigand began the quest for the Orb.
     0 | D:1      | Reached XP level 1. HP: 10/10 MP: 2/2
    94 | D:1      | Reached skill level 6 in Stealth
   243 | D:1      | Reached XP level 2. HP: 15/15 MP: 3/3
   698 | D:1      | Reached XP level 3. HP: 18/18 MP: 4/4
  1206 | D:2      | Noticed Terence
  1333 | D:3      | Noticed a sky beast
  1363 | D:3      | Found a white marble altar of Elyvilon.
  1828 | D:3      | Reached skill level 7 in Stealth
  1989 | D:3      | Killed a sky beast
  1990 | D:3      | Reached XP level 4. HP: 14/23 MP: 5/5
  1990 | D:3      | Reached XP level 5. HP: 16/27 MP: 6/6
  2444 | D:3      | Reached skill level 8 in Stealth
  2665 | D:4      | Found a broken altar of Ashenzari.
  2800 | D:4      | Found a large runed translucent door.
  2800 | D:4      | Found a large runed translucent door.
  2808 | D:4      | Noticed a steam dragon
  3516 | D:4      | Reached XP level 6. HP: 32/32 MP: 7/7
  3967 | D:4      | Reached skill level 9 in Stealth
  4193 | D:5      | Entered Level 5 of the Dungeon
  4645 | D:5      | Identified 2 scrolls of acquirement
  4645 | D:5      | Acquired the ring of Daofaw {Ice Drain rN+ Str+2 Int+7}
  4646 | D:5      | Acquired a manual of Short Blades
  4840 | D:5      | Found an ancient bone altar of Kikubaaqudgha.
  4852 | D:5      | Found a burning altar of Makhleb.
  4930 | D:4      | Slain by a gnoll

Illustrated notes

Levels and vault maps discovered:
D:1:      onia_arrival_handbag, layout_basic
D:2:      layout_basic, hellmonk_ecumenical_altar_heavens_door, uniq_terence
D:3:      minmay_thinvault, layout_rooms, mainiacjoe_overflow_chevrons,
          minmay_between
D:4:      layout_gridville, jmf_multi_god_temple2, amcnicky_altar_gilded,
          roderic_lattice_a, lightli_minifort
D:5:      layout_basic, cheibriados_altar_1, amethyst_overflow_temple_binary,
          minmay_temple_entry_from_below_a

Skill      XL: |  1  2  3  4  5  6 |
---------------+-------------------+-----
Stealth        | 6 7 8 9 |  9.1
Dodging        | 2 3 4 |  4.2
Fighting       | 2 |  2.9
Short Blades   | 3 4 |  4.2
Throwing       | |  2.0

Action                   |  1- 3 |  4- 6 || total
-------------------------+-------+-------++-------
Melee: Dagger            |   167 |   126 ||   293
Throw: Dart              |     7 |    33 ||    40
  Use: Scroll            |       |    12 ||    12
 Stab: Sleeping          |    23 |    11 ||    34
       Distracted        |       |     1 ||     1
Armor: Robe              |    18 |     7 ||    25
Dodge: Dodged            |   118 |    55 ||   173
Block: Other             |     6 |    16 ||    22
